 Dungeon Crawl Stone Soup version 0.17.1-1-g73c8601 (webtiles) character file.

884 Implojin the Grappler (level 7, -1/66 HPs)
             Began as a Troll Fighter on Apr 4, 2016.
             Was an Elder of Okawaru.
             Slain by a minotaur
             ... wielding a +4 rod of the swarm (2/11)
              (20 damage)
             ... in a labyrinth.
             The game lasted 00:06:11 (772 turns).

Implojin the Grappler (Troll Fighter)                Turns: 772, Time: 00:06:12

Health: -1/66      AC:  5    Str: 22    XL:     7   Next: 76%
Magic:  6/6        EV: 16    Int:  4    God:    Okawaru [****..]
Gold:   28         SH: 10    Dex: 11    Spells: 0 memorised, 6 levels left

rFire  . . .     SeeInvis .       - Unarmed
rCold  . . .     Clarity  .     g - -1 robe (curse)
rNeg   . . .     SustAt   .     b - +0 shield
rPois  .         Gourm    +     (helmet restricted)
rElec  .         Spirit   .     r - +0 cloak
rCorr  .         Warding  .     (gloves unavailable)
rMut   .         Stasis   .     (boots unavailable)
MR     .....                    e - amulet of faith
Stlth  ++........               s - -3 ring of strength (curse)
                                i - +4 ring of evasion

@: heroism, not resistant to hostile enchantments, unstealthy
A: unfitting armour, claws 3, fast metabolism 3, gourmand, regeneration 2,
shaggy fur 1, tough skin 2
a: Heroism, Renounce Religion


You were in a labyrinth.
You worshipped Okawaru.
Okawaru was greatly pleased with you.
You were very full.

You visited 2 branches of the dungeon, and saw 9 of its levels.
You also visited: Labyrinth.

You collected 28 gold pieces.

Inventory:

Missiles
 f - 2 tomahawks (quivered)
Armour
 a - a +0 robe
 b - a +0 shield (worn)
 g - a cursed -1 robe (worn)
 r - a +0 cloak (worn)
Jewellery
 e - an amulet of faith (around neck)
 i - a +4 ring of evasion (left claw)
 s - a cursed -3 ring of strength (right claw)
Wands
 m - a wand of fireball (2)
Scrolls
 h - a scroll of blinking
 n - a scroll of enchant weapon
 u - a scroll of remove curse {unknown}
Potions
 k - a potion of curing
 p - a potion of mutation {unknown}
 q - a potion of ambrosia
 v - a potion of poison {unknown}
Books
 l - a Grand Grimoire

   Spells                             Type                      Level
   a - Monstrous Menagerie            Summoning                    6
   b - Summon Greater Demon           Summoning                    7
   c - Malign Gateway                 Summoning/Translocation      7
   d - Summon Horrible Things         Summoning                    8
Comestibles
 c - a chunk of flesh
 d - 2 bread rations
 j - 2 slices of pizza
 o - 2 meat rations
 t - 3 fruits


   Skills:
 - Level 2.4(7.4) Fighting
 - Level 2.4(7.4) Dodging
 - Level 2.4(7.4) Shields
 * Level 9.1(14.1) Unarmed Combat


You had 6 spell levels left.
You didn't know any spells.

Dungeon Overview and Level Annotations

Branches:
Dungeon (8/15)               Lair (1/8) D:8
 Temple: D:4-7

Altars:
Dithmenos
Nemelex Xobeh
Okawaru
Sif Muna
Vehumet
The Shining One


Innate Abilities, Weirdness & Mutations

You are too large for most types of armour.
You have claws for hands.
Your metabolism is lightning-fast.
You like to eat raw meat.
You heal very quickly.
You are covered in fur (AC +1).
You have very tough skin (AC +2).


Message History

It was a potion of ambrosia.
You are confused.
You feel invigorated.
The minotaur throws a stone.
The stone hits you.
Drink which item? (? for menu, Esc to quit)
You feel better.
You feel less invigorated.
The minotaur throws a stone.
The stone hits you!!
The minotaur hits you with a rod of the swarm!!
* * * LOW HITPOINT WARNING * * *
The minotaur closely misses you.
Unknown command.
You claw the minotaur!
The minotaur is lightly wounded.
The minotaur completely misses you. The minotaur gores you.
* * * LOW HITPOINT WARNING * * *
You scratch the minotaur but do no damage.
The minotaur is lightly wounded.
You scratch the minotaur but do no damage.
The minotaur is lightly wounded.
You block the minotaur's attack. The minotaur closely misses you.
Your shield prevents you from hitting the minotaur.
The minotaur is lightly wounded.
You scratch the minotaur.
The minotaur is moderately wounded.
You block the minotaur's attack. The minotaur gores you!
* * * LOW HITPOINT WARNING * * *
You mangle the minotaur!!
The minotaur is heavily wounded.
The minotaur hits you with a rod of the swarm.
* * * LOW HITPOINT WARNING * * *
You block the minotaur's attack.
You mangle the minotaur!!
The minotaur is severely wounded.
You barely miss the minotaur.
The minotaur is severely wounded.
The minotaur hits you but does no damage.
The minotaur completely misses you.
You barely miss the minotaur.
The minotaur is severely wounded.
The minotaur hits you with a rod of the swarm!!
You die...

## # . # . #..
# ## # .## #
## . # ..#...
. . . .### ##
. ## # ..#.#.#
..#.# ###.#.#
.# . ▓≈
#.#(#...# #. .
≈≈. .#@# #.
.###
▓≈<..wH.#.#.#.
..
▓≈≈.#.#.###.#
### ▓≈ #.#..
.. ###..# .
..#.#...
.#.#.#.# # #
...#.#.. # #
.## .


You could see a minotaur and a worm.

Vanquished Creatures
  A spiny frog (Lair:1)
  A fire drake (D:8)
  Sigmund (D:6)
  A crimson imp (D:8)
  2 iguanas
  An orc priest (D:3)
  A worker ant (D:8)
  2 adders (D:4)
  An ooze (D:1)
  A worm (D:2)
  A giant gecko (D:8)
  4 orcs (D:3)
  2 bats
  A goblin (D:1)
  A hobgoblin (D:1)
  A kobold (D:3)
  A giant gecko skeleton (D:5)
  A giant newt (D:3)
  6 jackals
  3 rats
33 creatures vanquished.

Notes
Turn   | Place    | Note
--------------------------------------------------------------
     0 | D:1      | Implojin the Troll Fighter began the quest for the Orb.
     0 | D:1      | Reached XP level 1. HP: 22/22 MP: 0/0
    48 | D:1      | Reached XP level 2. HP: 29/29 MP: 1/1
    95 | D:2      | Found a radiant altar of Vehumet.
    95 | D:2      | Found a shadowy altar of Dithmenos.
   103 | D:2      | Reached skill level 3 in Unarmed Combat
   141 | D:3      | Found a glowing golden altar of the Shining One.
   141 | D:3      | Found an iron altar of Okawaru.
   141 | D:3      | Found a deep blue altar of Sif Muna.
   154 | D:3      | Became a worshipper of Warmaster Okawaru
   234 | D:3      | Reached XP level 3. HP: 7/36 MP: 2/2
   237 | D:3      | Reached skill level 4 in Unarmed Combat
   312 | D:4      | Reached XP level 4. HP: 37/44 MP: 3/3
   332 | D:5      | Entered Level 5 of the Dungeon
   335 | D:6      | Noticed Sigmund
   394 | D:5      | Found a sparkling altar of Nemelex Xobeh.
   424 | D:6      | Killed Sigmund
   424 | D:6      | Reached * piety under Okawaru
   424 | D:6      | Reached ** piety under Okawaru
   424 | D:6      | Reached skill level 6 in Unarmed Combat
   424 | D:6      | Reached XP level 5. HP: 45/50 MP: 4/4
   538 | D:8      | Reached XP level 6. HP: 55/59 MP: 5/5
   555 | D:8      | Noticed a fire drake
   570 | D:8      | Killed a fire drake
   570 | D:8      | Reached *** piety under Okawaru
   570 | D:8      | Reached skill level 7 in Unarmed Combat
   570 | D:8      | Reached XP level 7. HP: 49/66 MP: 3/6
   620 | D:8      | Found a staircase to the Lair.
   645 | Lair:1   | Entered Level 1 of the Lair of Beasts
   663 | Lair:1   | Reached skill level 8 in Unarmed Combat
   672 | Lair:1   | Noticed a spiny frog
   673 | Lair:1   | Found a labyrinth entrance.
   684 | Lair:1   | Killed a spiny frog
   684 | Lair:1   | Reached **** piety under Okawaru
   684 | Lair:1   | Reached skill level 9 in Unarmed Combat
   697 | Lab      | Entered a labyrinth
   750 | Lab      | Noticed a minotaur
   772 | Lab      | Identified a +4 rod of the swarm (2/11)
   772 | Lab      | Slain by a minotaur

Action                   |  1- 3 |  4- 6 |  7- 9 || total
-------------------------+-------+-------+-------++-------
Melee: Unarmed           |    38 |    26 |    31 ||    95
Invok: Heroism           |       |     1 |     2 ||     3
Evoke: Wand              |       |     4 |       ||     4
  Use: Potion            |     1 |       |     2 ||     3
       Scroll            |       |     5 |     1 ||     6
  Eat: Chunk             |     8 |       |     3 ||    11

Table legend:
 A = Turns spent in this place as a percentage of turns spent in the entire game.
 B = Non-inter-level travel turns spent in this place as a percentage of non-inter-level travel turns spent in the entire game.
 C = Inter-level travel turns spent in this place as a percentage of turns spent in this place.
 D = Turns resting spent in this place as a percentage of non-inter-level travel turns spent in this place.
 E = Turns spent auto-exploring this place as a percentage of non-inter-level travel turns spent in this place.
 F = Non-inter-level travel turns spent in this place divided by the number of levels of this place that you've seen.
                   A       B       C       D       E      F
               +-------+-------+-------+-------+-------+----------------------
         Total | 100.0 | 100.0 |   0.0 |   0.0 |   0.0 |  73.2
       Dungeon |  81.3 |  81.3 |   0.0 |   0.0 |   0.0 |  74.4
          Lair |   7.7 |   7.7 |   0.0 |   0.0 |   0.0 |  56.0
     Labyrinth |  11.1 |  11.1 |   0.0 |   0.0 |   0.0 |  81.0
               +-------+-------+-------+-------+-------+----------------------

Table legend:
 A = Kills in this place as a percentage of kills in entire the game.
 B = Kills by you in this place as a percentage of kills by you in the entire game.
 C = Kills by friends in this place as a percentage of kills by friends in the entire game.
 D = Other kills in this place as a percentage of other kills in the entire game.
 E = Experience gained in this place as a percentage of experience gained in the entire game.
 F = Experience gained in this place divided by the number of levels of this place that you have seen.
                   A       B       C       D       E      F
               +-------+-------+-------+-------+-------+----------------------
         Total | 100.0 | 100.0 |  -nan |  -nan | 100.0 | 126.3
       Dungeon |  93.9 |  93.9 |  -nan |  -nan |  65.3 | 103.1
          Lair |   6.1 |   6.1 |  -nan |  -nan |  34.7 | 438.0
               +-------+-------+-------+-------+-------+----------------------
